Vancouver Canucks vs Calgary Flames
Created - Sunday, November 10, 2024 at 09:40
Goals
|
| Vancouver Canucks |
0 |
2 |
1 |
3 |
| Calgary Flames |
3 |
0 |
2 |
5 |
|
Shots
|
| Vancouver Canucks |
14 |
7 |
15 |
36 |
| Calgary Flames |
15 |
6 |
9 |
30 |
|
1st period
1. Calgary Flames , Sebastian Aho 33 (Rasmus Andersson 19, Jake Middleton 15) at 1:25
2. Calgary Flames , Joel Eriksson Ek 32 (Sebastian Aho 41, Jeremy Lauzon 8) at 16:10
3. Calgary Flames , Matthew Tkachuk 25 (Joel Eriksson Ek 32, Kris Letang 16) at 18:39 (PP)
Penalties :
Vincent Desharnais (CGY) for Fighting (Major) at 5:12, Casey Mittelstadt (VAN) for Fighting (Major) at 5:12, Vincent Desharnais (CGY) for instigated a fight (Minor) at 5:12, Vincent Desharnais (CGY) for instigated a fight (10 Minutes Misconduct) at 5:12, Miro Heiskanen (VAN) for High sticking (Minor) at 17:41, Rasmus Andersson (CGY) for Tripping (Minor) at 0:00
2nd period
4. Vancouver Canucks , Artturi Lehkonen 28 (Taylor Raddysh 13, Casey Mittelstadt 38) at 0:16 (PP)
5. Vancouver Canucks , Jesperi Kotkaniemi 7 (Robby Fabbri 16, Clayton Keller 15) at 15:01
Penalties :
Jesperi Kotkaniemi (VAN) for Interference (Minor) at 7:58, Jeremy Lauzon (CGY) for Roughing (Minor) at 12:52
3rd period
6. Calgary Flames , Mathieu Joseph 9 (J.T. Miller 46, Drew Doughty 21) at 3:13
7. Calgary Flames , J.T. Miller 20 (Sebastian Aho 42) at 4:28 (PP)
8. Vancouver Canucks , Ty Dellandrea 3 (Robby Fabbri 17, Jesperi Kotkaniemi 10) at 11:31
Penalties :
Mathieu Joseph (CGY) for Roughing (Minor) at 0:38, Anton Lundell (VAN) for Hooking (Minor) at 4:23, Rasmus Andersson (CGY) for Tripping (Minor) at 7:37
Goalie Stats
Joonas Korpisalo (VAN), 25 saves from 30 shots - (0.833), L, 13-10-6, 60:00 minutes
Ilya Sorokin (CGY), 33 saves from 36 shots - (0.917), W, 29-13-4, 60:00 minutes
Players Stats for Vancouver Canucks
Player Name G A P +/- PIM S H SB GA TA FO MP PP MP PK MP
------------------------------------------------------------------------------------
Adam Boqvist 0 0 0 0 0 0 0 1 0 0 0/0 4:04 0:31 0:00
Aleksander Barkov 0 0 0 -1 0 7 2 0 1 0 8/18 17:39 4:09 0:31
Anton Lundell 0 0 0 -1 2 2 0 0 0 0 9/13 12:56 0:08 0:50
Artturi Lehkonen 1 0 1 -1 0 4 2 2 1 1 0/1 17:04 4:04 0:56
Casey Mittelstadt 0 1 1 0 5 1 0 1 0 1 8/21 19:26 3:25 0:41
Clayton Keller 0 1 1 0 0 2 3 0 0 0 0/0 19:11 4:09 0:35
Emil Martinsen Lilleberg 0 0 0 0 0 0 2 0 0 0 0/0 22:55 1:59 1:18
Jacob Bernard-Docker 0 0 0 -1 0 0 0 0 0 2 0/0 18:10 0:00 1:44
Jake Bean 0 0 0 0 0 0 1 1 0 1 0/0 19:05 4:18 0:22
Jesperi Kotkaniemi 1 1 2 1 2 1 1 0 0 0 4/6 10:15 0:00 0:05
Kasperi Kapanen 0 0 0 -1 0 0 2 1 0 1 0/1 12:57 0:00 0:00
Matias Maccelli 0 0 0 -1 0 3 1 0 1 1 1/3 14:41 0:31 0:00
Mikko Rantanen 0 0 0 0 0 3 1 0 0 0 0/2 19:31 4:09 0:55
Miro Heiskanen 0 0 0 -1 2 3 4 2 1 0 0/0 28:38 5:43 0:56
Noah Hanifin 0 0 0 0 0 2 1 2 0 2 0/0 24:42 3:55 1:44
Robby Fabbri 0 2 2 1 0 5 3 0 1 0 0/0 9:17 0:00 0:00
Taylor Raddysh 0 1 1 -1 0 2 0 2 0 0 1/2 15:35 4:04 0:00
Ty Dellandrea 1 0 1 1 0 1 1 0 0 0 0/0 10:48 0:00 1:31
Players Stats for Calgary Flames
Player Name G A P +/- PIM S H SB GA TA FO MP PP MP PK MP
------------------------------------------------------------------------------------
Cole Sillinger 0 0 0 1 0 0 1 0 2 0 0/0 13:26 0:29 0:08
Drew Doughty 0 1 1 0 0 2 2 2 0 0 0/0 26:18 1:47 4:04
Garnet Hathaway 0 0 0 0 0 0 0 1 0 0 0/1 9:01 0:00 0:00
J.T. Miller 1 1 2 1 0 5 5 0 1 0 6/10 14:05 1:06 0:08
Jake Middleton 0 1 1 0 0 0 0 2 0 0 0/0 23:54 0:29 4:10
Jeremy Lauzon 0 1 1 0 2 0 0 0 0 0 0/0 16:03 1:00 0:46
Joel Eriksson Ek 1 1 2 1 0 3 2 0 1 1 5/8 17:59 1:30 4:10
Kris Letang 0 1 1 0 0 0 2 0 1 1 0/0 22:30 2:02 4:03
Mathieu Joseph 1 0 1 1 2 5 2 0 1 0 1/1 12:05 0:00 0:00
Matthew Tkachuk 1 0 1 -1 0 4 1 0 0 1 0/0 18:33 1:56 4:10
Nic Dowd 0 0 0 0 0 2 1 0 1 0 2/7 9:50 0:00 0:00
Oliver Bjorkstrand 0 0 0 0 0 2 2 1 0 1 6/14 12:28 0:43 0:00
Pavel Zacha 0 0 0 -1 0 0 1 1 0 0 4/7 20:35 1:56 3:55
Rasmus Andersson 0 1 1 0 4 0 2 3 0 0 0/0 23:04 0:46 3:23
Sebastian Aho 1 2 3 1 0 1 0 2 2 0 11/18 19:09 0:43 3:55
Vincent Desharnais 0 0 0 0 17 1 0 0 0 1 0/0 10:13 0:00 0:00
Yakov Trenin 0 0 0 0 0 1 0 1 0 0 0/0 9:01 0:00 0:00
Zach Hyman 0 0 0 2 0 4 0 0 0 0 1/1 13:29 0:43 0:00
3 Stars
1 - J.T. Miller (CGY)
2 - Sebastian Aho (CGY)
3 - Joel Eriksson Ek (CGY)
Power Play
Vancouver Canucks - 1 on 5 Attempt(s) - 20.00%
Calgary Flames - 2 on 3 Attempt(s) - 66.67%
Penalty Kill
Vancouver Canucks - 1 on 3 Attempt(s) - 33.33%
- Score 0 goal in Penalty Kill
Calgary Flames - 4 on 5 Attempt(s) - 80.00%
- Score 0 goal in Penalty Kill
Team Stat
Vancouver Canucks - Hits : 24 - Faceoff Wins : 31 - Blocked Shots : 12 - Penalty Minutes : 11
Calgary Flames - Hits : 21 - Faceoff Wins : 36 - Blocked Shots : 13 - Penalty Minutes : 25
Official
Referees : Jake Brenk and Graham Skilliter
Linesman : Ryan Gibbons and Brad Kovachik
Game Notes
Casey Mittelstadt beats up Vincent Desharnais at 5:12 of 1st period
Adam Boqvist is injured at 12:12 of 1st period (Left Foot)
Finance
Level 1 -- Attendance: 5175 (86.25%) -- Ticket Income $517,500
Level 2 -- Attendance: 4001 (80.02%) -- Ticket Income $240,060
Level 3 -- Attendance: 2522 (84.07%) -- Ticket Income $88,270
Level 4 -- Attendance: 3980 (79.60%) -- Ticket Income $99,500
Luxury Box -- Attendance: 743 (74.30%) -- Ticket Income $148,600
Game was played at the Scotiabank Saddledome.
Total Attendance: 16421 (82.11%)
Total Ticket Income: $1,093,930
Other Income: $382,876
Total Income: $1,476,806
Vancouver Canucks
5 vs 5 Forward
Center Left Wing Right Wing Time % Phy DF OF
1 Casey Mittelstadt Clayton Keller Mikko Rantanen 30 1 2 2
2 Aleksander Barkov Matias Maccelli Kasperi Kapanen 30 1 2 2
3 Anton Lundell Artturi Lehkonen Taylor Raddysh 25 1 2 2
4 Jesperi Kotkaniemi Robby Fabbri Ty Dellandrea 15 1 2 2
5 vs 5 Defense
Defense Defense Time % Phy DF OF
1 Noah Hanifin Miro Heiskanen 30 1 2 2
2 Jake Bean Adam Boqvist 30 1 2 2
3 Emil Martinsen Lilleberg Jacob Bernard-Docker 25 1 2 2
4 Noah Hanifin Miro Heiskanen 15 1 2 2
PowerPlay Forward
Center Left Wing Right Wing Time % Phy DF OF
1 Aleksander Barkov Clayton Keller Mikko Rantanen 50 1 2 2
2 Casey Mittelstadt Artturi Lehkonen Taylor Raddysh 50 1 2 2
PowerPlay Defense
Defense Defense Time % Phy DF OF
1 Noah Hanifin Miro Heiskanen 50 1 2 2
2 Jake Bean Adam Boqvist 50 1 2 2
Penalty Kill 4 Players Forward
Center Wing Time % Phy DF OF
1 Aleksander Barkov Ty Dellandrea 50 1 2 2
2 Anton Lundell Artturi Lehkonen 50 1 2 2
Penalty Kill 4 Players Defense
Defense Defense Time % Phy DF OF
1 Noah Hanifin Jacob Bernard-Docker 50 1 2 2
2 Emil Martinsen Lilleberg Miro Heiskanen 50 1 2 2
Penalty Kill - 3 Players Forward
Forward Time % Phy DF OF
1 Aleksander Barkov 50 1 2 2
2 Ty Dellandrea 50 1 2 2
Penalty Kill - 3 Players Defense
Defense Defense Time % Phy DF OF
1 Noah Hanifin Jacob Bernard-Docker 50 1 2 2
2 Emil Martinsen Lilleberg Miro Heiskanen 50 1 2 2
4 vs 4 Forward
Center Wing Time % Phy DF OF
1 Casey Mittelstadt Mikko Rantanen 50 1 2 2
2 Aleksander Barkov Clayton Keller 50 1 2 2
4 vs 4 Defense
Defense Defense Time % Phy DF OF
1 Noah Hanifin Miro Heiskanen 50 1 2 2
2 Jake Bean Adam Boqvist 50 1 2 2
Last Minutes Offensive
Center Left Wing Right Wing Defense Defense
Aleksander Barkov Clayton Keller Mikko Rantanen Noah Hanifin Miro Heiskanen
Last Minutes Defensive
Center Left Wing Right Wing Defense Defense
Aleksander Barkov Clayton Keller Mikko Rantanen Noah Hanifin Miro Heiskanen
Goaltenders
Starting : Joonas Korpisalo
Backup : Justus Annunen
Extra Forwards
Normal : Matias Maccelli, Mikko Rantanen, Jesperi Kotkaniemi - PP : Matias Maccelli, Anton Lundell - PK : Jesperi Kotkaniemi
Extra Defensemen
Normal : Jake Bean, Miro Heiskanen, Emil Martinsen Lilleberg - PP : Jake Bean - PK : Noah Hanifin, Emil Martinsen Lilleberg
Penalty Shots
Aleksander Barkov, Mikko Rantanen, Clayton Keller, Artturi Lehkonen, Casey Mittelstadt
Scratches
Justin Schultz (Healthy), Jesse Ylonen (Healthy), Jacob Bryson (Healthy), Nathan Smith (Healthy), Ville Husso (Healthy)
Calgary Flames
5 vs 5 Forward
Center Left Wing Right Wing Time % Phy DF OF
1 J.T. Miller Pavel Zacha Matthew Tkachuk 30 1 2 2
2 Sebastian Aho Zach Hyman Joel Eriksson Ek 30 1 2 2
3 Oliver Bjorkstrand Cole Sillinger Mathieu Joseph 25 1 2 2
4 Nic Dowd Yakov Trenin Garnet Hathaway 15 1 2 2
5 vs 5 Defense
Defense Defense Time % Phy DF OF
1 Drew Doughty Kris Letang 35 1 2 2
2 Rasmus Andersson Jake Middleton 35 1 2 2
3 Jeremy Lauzon Vincent Desharnais 30 1 2 2
4 Drew Doughty Kris Letang 0 1 2 2
PowerPlay Forward
Center Left Wing Right Wing Time % Phy DF OF
1 Joel Eriksson Ek Pavel Zacha Matthew Tkachuk 50 1 2 2
2 Sebastian Aho Zach Hyman J.T. Miller 50 1 2 2
PowerPlay Defense
Defense Defense Time % Phy DF OF
1 Drew Doughty Kris Letang 50 1 2 2
2 Rasmus Andersson Jeremy Lauzon 50 1 2 2
Penalty Kill 4 Players Forward
Center Wing Time % Phy DF OF
1 Pavel Zacha Sebastian Aho 50 1 2 2
2 Joel Eriksson Ek Matthew Tkachuk 50 1 2 2
Penalty Kill 4 Players Defense
Defense Defense Time % Phy DF OF
1 Drew Doughty Kris Letang 50 1 2 2
2 Rasmus Andersson Jake Middleton 50 1 2 2
Penalty Kill - 3 Players Forward
Forward Time % Phy DF OF
1 Matthew Tkachuk 50 1 2 2
2 Sebastian Aho 50 1 2 2
Penalty Kill - 3 Players Defense
Defense Defense Time % Phy DF OF
1 Drew Doughty Kris Letang 50 1 2 2
2 Rasmus Andersson Jeremy Lauzon 50 1 2 2
4 vs 4 Forward
Center Wing Time % Phy DF OF
1 Pavel Zacha Sebastian Aho 50 1 2 2
2 Joel Eriksson Ek Matthew Tkachuk 50 1 2 2
4 vs 4 Defense
Defense Defense Time % Phy DF OF
1 Drew Doughty Kris Letang 50 1 2 2
2 Rasmus Andersson Jake Middleton 50 1 2 2
Last Minutes Offensive
Center Left Wing Right Wing Defense Defense
J.T. Miller Pavel Zacha Matthew Tkachuk Drew Doughty Kris Letang
Last Minutes Defensive
Center Left Wing Right Wing Defense Defense
J.T. Miller Pavel Zacha Matthew Tkachuk Drew Doughty Kris Letang
Goaltenders
Starting : Ilya Sorokin
Backup : Samuel Montembeault
Extra Forwards
Normal : Nic Dowd, Oliver Bjorkstrand, Cole Sillinger - PP : Nic Dowd, Oliver Bjorkstrand - PK : Cole Sillinger
Extra Defensemen
Normal : Jake Middleton, Jeremy Lauzon, Rasmus Andersson - PP : Jake Middleton - PK : Jeremy Lauzon, Rasmus Andersson
Penalty Shots
J.T. Miller, Sebastian Aho, Joel Eriksson Ek, Matthew Tkachuk, Pavel Zacha
Scratches
Jeff Petry (Healthy), Timo Meier (Healthy), Noel Acciari (Healthy), Rafael Harvey-Pinard (Healthy)
% Time on Ice - Vancouver Canucks
Lines # - Real PCT - Wanted PCT - Time Play
Normal Forward
1 - 30% - 30% - 14:32
2 - 28% - 30% - 13:27
3 - 24% - 25% - 11:29
4 - 19% - 15% - 9:17
Normal Defense
1 - 25% - 30% - 11:59
2 - 39% - 30% - 19:06
3 - 28% - 25% - 13:45
4 - 8% - 15% - 3:55
PP Forward
1 - 51% - 50% - 4:09
2 - 49% - 50% - 4:04
PP Defense
1 - 41% - 50% - 3:20
2 - 59% - 50% - 4:53
PK Forward
1 - 50% - 50% - 1:31
2 - 50% - 50% - 1:31
PK Defense
1 - 57% - 50% - 1:44
2 - 43% - 50% - 1:18
PK3 Forward
1 - 0% - 50%
2 - 0% - 50%
PK3 Defense
1 - 0% - 50%
2 - 0% - 50%
44 Forward
1 - 0% - 50%
2 - 0% - 50%
44 Defense
1 - 0% - 50%
2 - 0% - 50%
Last Minute Offensive - 0:00
Last Minute Defensive - 0:00
Total
Forward - 60:00
Defense - 60:00
|
% Time on Ice - Calgary Flames
Lines # - Real PCT - Wanted PCT - Time Play
Normal Forward
1 - 33% - 30% - 16:14
2 - 25% - 30% - 12:17
3 - 23% - 25% - 11:13
4 - 18% - 15% - 9:01
Normal Defense
1 - 34% - 35% - 16:25
2 - 37% - 35% - 18:12
3 - 29% - 30% - 14:08
4 - 0% - 0% - 0:00
PP Forward
1 - 64% - 50% - 1:56
2 - 36% - 50% - 1:06
PP Defense
1 - 67% - 50% - 2:02
2 - 33% - 50% - 1:00
PK Forward
1 - 49% - 50% - 4:03
2 - 51% - 50% - 4:10
PK Defense
1 - 49% - 50% - 4:03
2 - 51% - 50% - 4:10
PK3 Forward
1 - 0% - 50%
2 - 0% - 50%
PK3 Defense
1 - 0% - 50%
2 - 0% - 50%
44 Forward
1 - 0% - 50%
2 - 0% - 50%
44 Defense
1 - 0% - 50%
2 - 0% - 50%
Last Minute Offensive - 0:00
Last Minute Defensive - 0:00
Total
Forward - 60:00
Defense - 60:00
|
Play-by-Play
1st period
0:01 of 1st period - J.T. Miller wins face-off versus Casey Mittelstadt in neutral zone.
0:08 of 1st period - Slapshot by Matthew Tkachuk.
0:08 of 1st period - Shot Misses the Net.
0:45 of 1st period - Wrist shot by Robby Fabbri.
0:45 of 1st period - Stopped by Ilya Sorokin without a rebound.
0:46 of 1st period - Jesperi Kotkaniemi wins face-off versus Oliver Bjorkstrand in Calgary Flames zone.
0:55 of 1st period - Wrist shot by Jesperi Kotkaniemi.
0:55 of 1st period - Deflect By Mathieu Joseph.
0:55 of 1st period - Shot Blocked by Rasmus Andersson.
0:55 of 1st period - Puck is out of play.
0:56 of 1st period - Nic Dowd wins face-off versus Anton Lundell in Calgary Flames zone.
1:21 of 1st period - Wrist shot by Sebastian Aho.
1:21 of 1st period - Shot Misses the Net.
1:23 of 1st period - Slapshot by Jake Middleton.
1:23 of 1st period - Shot Blocked by Artturi Lehkonen.
1:25 of 1st period - Snap shot by Rasmus Andersson.
1:25 of 1st period - Deflect By Sebastian Aho.
1:25 of 1st period - Goal by Sebastian Aho - Vancouver Canucks : 0 - Calgary Flames : 1.
1:26 of 1st period - Oliver Bjorkstrand wins face-off versus Aleksander Barkov in neutral zone.
1:31 of 1st period - Off-side.
1:32 of 1st period - Oliver Bjorkstrand wins face-off versus Aleksander Barkov in neutral zone.
1:37 of 1st period - Slapshot by Oliver Bjorkstrand.
1:37 of 1st period - Stopped by Joonas Korpisalo with a rebound.
2:13 of 1st period - Snap shot by Mathieu Joseph.
2:13 of 1st period - Shot Misses the Net.
2:37 of 1st period - Snap shot by Matias Maccelli.
2:37 of 1st period - Shot Blocked by Oliver Bjorkstrand.
2:39 of 1st period - Backhand shot by Noah Hanifin.
2:39 of 1st period - Deflect By Aleksander Barkov.
2:39 of 1st period - Stopped by Ilya Sorokin without a rebound.
2:40 of 1st period - J.T. Miller wins face-off versus Casey Mittelstadt in Calgary Flames zone.
3:13 of 1st period - Icing by Ty Dellandrea.
3:14 of 1st period - Jesperi Kotkaniemi wins face-off versus Sebastian Aho in Vancouver Canucks zone.
3:14 of 1st period - Jesperi Kotkaniemi is hit by Kris Letang.
3:26 of 1st period - Wrist shot by Jesperi Kotkaniemi.
3:26 of 1st period - Shot Misses the Net.
3:36 of 1st period - Snap shot by Robby Fabbri.
3:36 of 1st period - Shot Misses the Net.
3:38 of 1st period - Snap shot by Robby Fabbri.
3:38 of 1st period - Stopped by Ilya Sorokin with a rebound.
3:40 of 1st period - Wrist shot by Jesperi Kotkaniemi.
3:40 of 1st period - Shot Misses the Net.
3:42 of 1st period - Wrist shot by Robby Fabbri.
3:42 of 1st period - Deflect By Jesperi Kotkaniemi.
3:42 of 1st period - Shot Misses the Net.
3:42 of 1st period - Puck is out of play.
3:43 of 1st period - Casey Mittelstadt wins face-off versus J.T. Miller in Calgary Flames zone.
4:14 of 1st period - Snap shot by Yakov Trenin.
4:14 of 1st period - Shot Blocked by Taylor Raddysh.
4:16 of 1st period - Snap shot by Yakov Trenin.
4:16 of 1st period - Deflect By Garnet Hathaway.
4:16 of 1st period - Shot Misses the Net.
4:16 of 1st period - Puck is out of play.
4:17 of 1st period - Anton Lundell wins face-off versus Garnet Hathaway in Vancouver Canucks zone.
4:23 of 1st period - Off-side.
4:24 of 1st period - Anton Lundell wins face-off versus Sebastian Aho in neutral zone.
4:53 of 1st period - Wrist shot by Mikko Rantanen.
4:53 of 1st period - Stopped by Ilya Sorokin with a rebound.
4:59 of 1st period - Snap shot by Mikko Rantanen.
4:59 of 1st period - Stopped by Ilya Sorokin without a rebound.
5:00 of 1st period - Casey Mittelstadt wins face-off versus Nic Dowd in Calgary Flames zone.
5:12 of 1st period - Casey Mittelstadt beats up Vincent Desharnais.
5:12 of 1st period - Penalty to Vincent Desharnais for Fighting.
5:12 of 1st period - Penalty to Casey Mittelstadt for Fighting.
5:12 of 1st period - Penalty to Vincent Desharnais for instigated a fight.
5:12 of 1st period - Penalty to Vincent Desharnais for instigated a fight.
5:13 of 1st period - Aleksander Barkov wins face-off versus Pavel Zacha in Calgary Flames zone.
5:20 of 1st period - Wrist shot by Aleksander Barkov.
5:20 of 1st period - Stopped by Ilya Sorokin without a rebound.
5:21 of 1st period - Pavel Zacha wins face-off versus Aleksander Barkov in Calgary Flames zone.
6:30 of 1st period - Jake Middleton is hit by Aleksander Barkov.
6:36 of 1st period - Slapshot by Aleksander Barkov.
6:36 of 1st period - Shot Blocked by Jake Middleton.
6:38 of 1st period - Snap shot by Miro Heiskanen.
6:38 of 1st period - Shot Blocked by Rasmus Andersson.
6:40 of 1st period - Wrist shot by Clayton Keller.
6:40 of 1st period - Stopped by Ilya Sorokin without a rebound.
6:41 of 1st period - Pavel Zacha wins face-off versus Matias Maccelli in Calgary Flames zone.
6:41 of 1st period - Pavel Zacha is hit by Matias Maccelli.
7:12 of 1st period - Penalty to Vincent Desharnais is over, Cole Sillinger is send on ice.
7:23 of 1st period - Sebastian Aho is hit by Jesperi Kotkaniemi and loses puck.
7:50 of 1st period - Slapshot by Pavel Zacha.
7:50 of 1st period - Shot Blocked by Adam Boqvist.
8:17 of 1st period - Aleksander Barkov is hit by Mathieu Joseph and loses puck.
8:51 of 1st period - Snap shot by Matias Maccelli.
8:51 of 1st period - Shot Misses the Net.
8:55 of 1st period - Snap shot by Aleksander Barkov.
8:55 of 1st period - Stopped by Ilya Sorokin with a rebound.
8:57 of 1st period - Slapshot by Miro Heiskanen.
8:57 of 1st period - Stopped by Ilya Sorokin without a rebound.
8:58 of 1st period - Jesperi Kotkaniemi wins face-off versus Nic Dowd in Calgary Flames zone.
9:29 of 1st period - Wrist shot by Oliver Bjorkstrand.
9:29 of 1st period - Shot Misses the Net.
9:31 of 1st period - Slapshot by Jake Middleton.
9:31 of 1st period - Deflect By Oliver Bjorkstrand.
9:31 of 1st period - Shot Blocked by Artturi Lehkonen.
9:31 of 1st period - Puck is out of play.
9:32 of 1st period - Matias Maccelli wins face-off versus Oliver Bjorkstrand in Vancouver Canucks zone.
9:32 of 1st period - Matias Maccelli is hit by Mathieu Joseph.
9:55 of 1st period - Oliver Bjorkstrand is hit by Clayton Keller and loses puck.
10:02 of 1st period - Slapshot by Mathieu Joseph.
10:02 of 1st period - Stopped by Joonas Korpisalo with a rebound.
10:39 of 1st period - Wrist shot by Oliver Bjorkstrand.
10:39 of 1st period - Stopped by Joonas Korpisalo without a rebound.
10:40 of 1st period - Sebastian Aho wins face-off versus Anton Lundell in Vancouver Canucks zone.
10:41 of 1st period - Wrist shot by Joel Eriksson Ek.
10:41 of 1st period - Stopped by Joonas Korpisalo without a rebound.
10:42 of 1st period - Sebastian Aho wins face-off versus Artturi Lehkonen in Vancouver Canucks zone.
10:53 of 1st period - Wrist shot by Sebastian Aho.
10:53 of 1st period - Shot Blocked by Noah Hanifin.
10:55 of 1st period - Slapshot by Jake Middleton.
10:55 of 1st period - Shot Misses the Net.
10:57 of 1st period - Slapshot by Joel Eriksson Ek.
10:57 of 1st period - Shot Blocked by Taylor Raddysh.
11:17 of 1st period - Slapshot by Miro Heiskanen.
11:17 of 1st period - Shot Blocked by Pavel Zacha.
11:19 of 1st period - Snap shot by Ty Dellandrea.
11:19 of 1st period - Shot Misses the Net.
11:39 of 1st period - Snap shot by Sebastian Aho.
11:39 of 1st period - Deflect By Zach Hyman.
11:39 of 1st period - Stopped by Joonas Korpisalo with a rebound.
12:11 of 1st period - Adam Boqvist is hit by J.T. Miller and loses puck.
12:12 of 1st period - Adam Boqvist from Vancouver Canucks is injured at 12:12 of 1st period (Left Foot).
12:13 of 1st period - Aleksander Barkov wins face-off versus Sebastian Aho in Vancouver Canucks zone.
12:47 of 1st period - Wrist shot by Anton Lundell.
12:47 of 1st period - Stopped by Ilya Sorokin without a rebound.
12:48 of 1st period - J.T. Miller wins face-off versus Casey Mittelstadt in Calgary Flames zone.
12:53 of 1st period - Snap shot by J.T. Miller.
12:53 of 1st period - Stopped by Joonas Korpisalo without a rebound.
12:54 of 1st period - J.T. Miller wins face-off versus Mikko Rantanen in Vancouver Canucks zone.
12:55 of 1st period - Wrist shot by Matthew Tkachuk.
12:55 of 1st period - Stopped by Joonas Korpisalo with a rebound.
12:57 of 1st period - Slapshot by Pavel Zacha.
12:57 of 1st period - Deflect By Emil Martinsen Lilleberg.
12:57 of 1st period - Shot Misses the Net.
12:57 of 1st period - Puck is out of play.
12:58 of 1st period - Casey Mittelstadt wins face-off versus J.T. Miller in Vancouver Canucks zone.
13:09 of 1st period - Jake Middleton is hit by Emil Martinsen Lilleberg and loses puck.
13:26 of 1st period - Wrist shot by J.T. Miller.
13:26 of 1st period - Stopped by Joonas Korpisalo with a rebound.
15:05 of 1st period - Snap shot by J.T. Miller.
15:05 of 1st period - Shot Misses the Net.
15:07 of 1st period - Slapshot by J.T. Miller.
15:07 of 1st period - Stopped by Joonas Korpisalo without a rebound.
15:08 of 1st period - Sebastian Aho wins face-off versus Kasperi Kapanen in Vancouver Canucks zone.
15:09 of 1st period - Snap shot by Joel Eriksson Ek.
15:09 of 1st period - Deflect By Miro Heiskanen.
15:09 of 1st period - Shot Misses the Net.
15:09 of 1st period - Puck is out of play.
15:10 of 1st period - Aleksander Barkov wins face-off versus Joel Eriksson Ek in Vancouver Canucks zone.
15:14 of 1st period - Off-side.
15:15 of 1st period - Sebastian Aho wins face-off versus Matias Maccelli in neutral zone.
15:22 of 1st period - Wrist shot by Joel Eriksson Ek.
15:22 of 1st period - Shot Blocked by Kasperi Kapanen.
15:46 of 1st period - Snap shot by Zach Hyman.
15:46 of 1st period - Stopped by Joonas Korpisalo with a rebound.
15:48 of 1st period - Slapshot by Drew Doughty.
15:48 of 1st period - Deflect By Joel Eriksson Ek.
15:48 of 1st period - Stopped by Joonas Korpisalo with a rebound.
16:10 of 1st period - Wrist shot by Joel Eriksson Ek.
16:10 of 1st period - Goal by Joel Eriksson Ek - Vancouver Canucks : 0 - Calgary Flames : 2.
16:11 of 1st period - Anton Lundell wins face-off versus Oliver Bjorkstrand in neutral zone.
16:37 of 1st period - Nic Dowd is hit by Jake Bean and loses puck.
16:42 of 1st period - Snap shot by Robby Fabbri.
16:42 of 1st period - Stopped by Ilya Sorokin without a rebound.
16:43 of 1st period - Jesperi Kotkaniemi wins face-off versus Sebastian Aho in Calgary Flames zone.
16:44 of 1st period - Snap shot by Robby Fabbri.
16:44 of 1st period - Stopped by Ilya Sorokin without a rebound.
16:45 of 1st period - Zach Hyman wins face-off versus Aleksander Barkov in Calgary Flames zone.
17:15 of 1st period - Slapshot by Anton Lundell.
17:15 of 1st period - Deflect By Drew Doughty.
17:15 of 1st period - Shot Misses the Net.
17:15 of 1st period - Puck is out of play.
17:16 of 1st period - Anton Lundell wins face-off versus Oliver Bjorkstrand in Calgary Flames zone.
17:23 of 1st period - Snap shot by Artturi Lehkonen.
17:23 of 1st period - Stopped by Ilya Sorokin with a rebound.
17:25 of 1st period - Wrist shot by Taylor Raddysh.
17:25 of 1st period - Stopped by Ilya Sorokin without a rebound.
17:26 of 1st period - Sebastian Aho wins face-off versus Anton Lundell in Calgary Flames zone.
17:35 of 1st period - Jeremy Lauzon is hit by Miro Heiskanen and loses puck.
17:41 of 1st period - Minor Penalty to Miro Heiskanen for High sticking.
17:42 of 1st period - Joel Eriksson Ek wins face-off versus Aleksander Barkov in Vancouver Canucks zone.
17:46 of 1st period - Snap shot by Joel Eriksson Ek.
17:46 of 1st period - Deflect By Aleksander Barkov.
17:46 of 1st period - Shot Misses the Net.
17:46 of 1st period - Puck is out of play.
17:47 of 1st period - Joel Eriksson Ek wins face-off versus Aleksander Barkov in Vancouver Canucks zone.
17:50 of 1st period - Wrist shot by Joel Eriksson Ek.
17:50 of 1st period - Deflect By Matthew Tkachuk.
17:50 of 1st period - Shot Blocked by Noah Hanifin.
17:50 of 1st period - Puck is out of play.
17:51 of 1st period - Aleksander Barkov wins face-off versus Joel Eriksson Ek in Vancouver Canucks zone.
18:39 of 1st period - Wrist shot by Matthew Tkachuk.
18:39 of 1st period - Goal by Matthew Tkachuk - Vancouver Canucks : 0 - Calgary Flames : 3.
18:40 of 1st period - Aleksander Barkov wins face-off versus Oliver Bjorkstrand in neutral zone.
18:55 of 1st period - Slapshot by Mathieu Joseph.
18:55 of 1st period - Stopped by Joonas Korpisalo with a rebound.
19:05 of 1st period - Yakov Trenin is hit by Miro Heiskanen.
Goals for this period are 0 for Vancouver Canucks vs 3 for Calgary Flames.
Shots for this period are 14 for Vancouver Canucks vs 15 for Calgary Flames.
0:00 of 2nd period - Minor Penalty to Rasmus Andersson for Tripping.
Goals for this period are 0 for Vancouver Canucks vs 3 for Calgary Flames.
Shots for this period are 14 for Vancouver Canucks vs 15 for Calgary Flames.
2nd period
0:01 of 2nd period - Casey Mittelstadt wins face-off versus Pavel Zacha in neutral zone.
0:12 of 2nd period - 10 Minutes Misconduct Penalty to Vincent Desharnais is over.
0:12 of 2nd period - Snap shot by Artturi Lehkonen.
0:12 of 2nd period - Stopped by Ilya Sorokin with a rebound.
0:16 of 2nd period - Snap shot by Artturi Lehkonen.
0:16 of 2nd period - Goal by Artturi Lehkonen - Vancouver Canucks : 1 - Calgary Flames : 3.
0:17 of 2nd period - Joel Eriksson Ek wins face-off versus Aleksander Barkov in neutral zone.
0:20 of 2nd period - Slapshot by Joel Eriksson Ek.
0:20 of 2nd period - Shot Misses the Net.
0:26 of 2nd period - Snap shot by Matias Maccelli.
0:26 of 2nd period - Shot Misses the Net.
0:34 of 2nd period - Wrist shot by Sebastian Aho.
0:34 of 2nd period - Shot Misses the Net.
1:36 of 2nd period - Snap shot by Yakov Trenin.
1:36 of 2nd period - Stopped by Joonas Korpisalo with a rebound.
1:38 of 2nd period - Wrist shot by Rasmus Andersson.
1:38 of 2nd period - Deflect By Nic Dowd.
1:38 of 2nd period - Shot Misses the Net.
1:38 of 2nd period - Puck is out of play.
1:39 of 2nd period - Aleksander Barkov wins face-off versus Sebastian Aho in Vancouver Canucks zone.
2:04 of 2nd period - Matthew Tkachuk is hit by Miro Heiskanen and loses puck.
2:09 of 2nd period - Snap shot by Anton Lundell.
2:09 of 2nd period - Shot Misses the Net.
2:11 of 2nd period - Slapshot by Emil Martinsen Lilleberg.
2:11 of 2nd period - Shot Misses the Net.
2:52 of 2nd period - Snap shot by Nic Dowd.
2:52 of 2nd period - Stopped by Joonas Korpisalo with a rebound.
3:24 of 2nd period - Zach Hyman is hit by Miro Heiskanen and loses puck.
4:07 of 2nd period - Snap shot by Matias Maccelli.
4:07 of 2nd period - Stopped by Ilya Sorokin with a rebound.
4:45 of 2nd period - Snap shot by Yakov Trenin.
4:45 of 2nd period - Shot Misses the Net.
4:51 of 2nd period - Slapshot by Casey Mittelstadt.
4:51 of 2nd period - Shot Misses the Net.
4:53 of 2nd period - Slapshot by Jacob Bernard-Docker.
4:53 of 2nd period - Shot Blocked by Garnet Hathaway.
4:55 of 2nd period - Snap shot by Aleksander Barkov.
4:55 of 2nd period - Shot Misses the Net.
4:57 of 2nd period - Snap shot by Matias Maccelli.
4:57 of 2nd period - Deflect By Aleksander Barkov.
4:57 of 2nd period - Stopped by Ilya Sorokin with a rebound.
4:59 of 2nd period - Snap shot by Aleksander Barkov.
4:59 of 2nd period - Shot Misses the Net.
5:01 of 2nd period - Wrist shot by Casey Mittelstadt.
5:01 of 2nd period - Shot Blocked by Rasmus Andersson.
5:03 of 2nd period - Snap shot by Aleksander Barkov.
5:03 of 2nd period - Shot Blocked by Yakov Trenin.
5:05 of 2nd period - Backhand shot by Jacob Bernard-Docker.
5:05 of 2nd period - Shot Misses the Net.
5:19 of 2nd period - Jake Middleton is hit by Aleksander Barkov.
5:47 of 2nd period - Casey Mittelstadt is hit by Nic Dowd and loses puck.
6:17 of 2nd period - Wrist shot by Matias Maccelli.
6:17 of 2nd period - Deflect By Aleksander Barkov.
6:17 of 2nd period - Shot Misses the Net.
6:17 of 2nd period - Puck is out of play.
6:18 of 2nd period - Sebastian Aho wins face-off versus Taylor Raddysh in Calgary Flames zone.
6:18 of 2nd period - Sebastian Aho is hit by Noah Hanifin.
6:34 of 2nd period - Drew Doughty is hit by Artturi Lehkonen and loses puck.
6:54 of 2nd period - Wrist shot by Anton Lundell.
6:54 of 2nd period - Shot Blocked by Sebastian Aho.
7:02 of 2nd period - Anton Lundell is hit by Joel Eriksson Ek and loses puck.
7:19 of 2nd period - Wrist shot by Artturi Lehkonen.
7:19 of 2nd period - Shot Misses the Net.
7:45 of 2nd period - Wrist shot by Sebastian Aho.
7:45 of 2nd period - Shot Hit the Post.
7:49 of 2nd period - Wrist shot by Zach Hyman.
7:49 of 2nd period - Deflect By Sebastian Aho.
7:49 of 2nd period - Shot Misses the Net.
7:49 of 2nd period - Puck is out of play.
7:50 of 2nd period - J.T. Miller wins face-off versus Jesperi Kotkaniemi in Vancouver Canucks zone.
7:58 of 2nd period - Minor Penalty to Jesperi Kotkaniemi for Interference.
7:59 of 2nd period - Oliver Bjorkstrand wins face-off versus Casey Mittelstadt in Vancouver Canucks zone.
8:29 of 2nd period - Emil Martinsen Lilleberg is hit by Drew Doughty and loses puck.
9:58 of 2nd period - Penalty to Jesperi Kotkaniemi is over, Jesperi Kotkaniemi is back on ice.
10:05 of 2nd period - Emil Martinsen Lilleberg is hit by Cole Sillinger and loses puck.
10:25 of 2nd period - Icing by Mathieu Joseph.
10:26 of 2nd period - Oliver Bjorkstrand wins face-off versus Casey Mittelstadt in Calgary Flames zone.
10:57 of 2nd period - Slapshot by Miro Heiskanen.
10:57 of 2nd period - Shot Misses the Net.
11:22 of 2nd period - Snap shot by Mathieu Joseph.
11:22 of 2nd period - Stopped by Joonas Korpisalo with a rebound.
12:14 of 2nd period - Artturi Lehkonen is hit by J.T. Miller and loses puck.
12:52 of 2nd period - Minor Penalty to Jeremy Lauzon for Roughing.
12:53 of 2nd period - Casey Mittelstadt wins face-off versus Joel Eriksson Ek in Calgary Flames zone.
13:02 of 2nd period - Backhand shot by Casey Mittelstadt.
13:02 of 2nd period - Shot Blocked by Jake Middleton.
13:04 of 2nd period - Snap shot by Casey Mittelstadt.
13:04 of 2nd period - Stopped by Ilya Sorokin without a rebound.
13:05 of 2nd period - Joel Eriksson Ek wins face-off versus Casey Mittelstadt in Calgary Flames zone.
13:05 of 2nd period - Joel Eriksson Ek is hit by Emil Martinsen Lilleberg.
13:30 of 2nd period - Emil Martinsen Lilleberg is hit by Rasmus Andersson and loses puck.
13:43 of 2nd period - Wrist shot by Casey Mittelstadt.
13:43 of 2nd period - Shot Blocked by Drew Doughty.
14:52 of 2nd period - Penalty to Jeremy Lauzon is over, Jeremy Lauzon is back on ice.
15:01 of 2nd period - Wrist shot by Jesperi Kotkaniemi.
15:01 of 2nd period - Goal by Jesperi Kotkaniemi - Vancouver Canucks : 2 - Calgary Flames : 3.
15:02 of 2nd period - Casey Mittelstadt wins face-off versus Oliver Bjorkstrand in neutral zone.
15:28 of 2nd period - Taylor Raddysh is hit by Matthew Tkachuk.
16:08 of 2nd period - Nic Dowd is hit by Robby Fabbri and loses puck.
16:17 of 2nd period - Snap shot by Miro Heiskanen.
16:17 of 2nd period - Stopped by Ilya Sorokin with a rebound.
16:50 of 2nd period - Wrist shot by Matthew Tkachuk.
16:50 of 2nd period - Stopped by Joonas Korpisalo with a rebound.
17:39 of 2nd period - Yakov Trenin is hit by Robby Fabbri and loses puck.
17:59 of 2nd period - Snap shot by Oliver Bjorkstrand.
17:59 of 2nd period - Shot Misses the Net.
18:01 of 2nd period - Slapshot by Vincent Desharnais.
18:01 of 2nd period - Stopped by Joonas Korpisalo without a rebound.
18:02 of 2nd period - Casey Mittelstadt wins face-off versus J.T. Miller in Vancouver Canucks zone.
18:02 of 2nd period - Casey Mittelstadt is hit by J.T. Miller.
19:07 of 2nd period - Snap shot by J.T. Miller.
19:07 of 2nd period - Stopped by Joonas Korpisalo with a rebound.
19:17 of 2nd period - Snap shot by Pavel Zacha.
19:17 of 2nd period - Deflect By J.T. Miller.
19:17 of 2nd period - Shot Blocked by Jake Bean.
19:17 of 2nd period - Puck is out of play.
19:18 of 2nd period - Anton Lundell wins face-off versus Sebastian Aho in Vancouver Canucks zone.
Goals for this period are 2 for Vancouver Canucks vs 0 for Calgary Flames.
Shots for this period are 7 for Vancouver Canucks vs 6 for Calgary Flames.
3rd period
0:01 of 3rd period - J.T. Miller wins face-off versus Mikko Rantanen in neutral zone.
0:12 of 3rd period - Slapshot by J.T. Miller.
0:12 of 3rd period - Shot Blocked by Miro Heiskanen.
0:14 of 3rd period - Slapshot by Drew Doughty.
0:14 of 3rd period - Stopped by Joonas Korpisalo with a rebound.
0:16 of 3rd period - Slapshot by Drew Doughty.
0:16 of 3rd period - Stopped by Joonas Korpisalo with a rebound.
0:38 of 3rd period - Minor Penalty to Mathieu Joseph for Roughing.
0:39 of 3rd period - Pavel Zacha wins face-off versus Casey Mittelstadt in Calgary Flames zone.
1:03 of 3rd period - Jake Middleton is hit by Clayton Keller and loses puck.
1:08 of 3rd period - Wrist shot by Aleksander Barkov.
1:08 of 3rd period - Stopped by Ilya Sorokin with a rebound.
1:50 of 3rd period - Casey Mittelstadt is hit by Kris Letang and loses puck.
2:38 of 3rd period - Penalty to Mathieu Joseph is over, Mathieu Joseph is back on ice.
2:41 of 3rd period - Drew Doughty is hit by Ty Dellandrea and loses puck.
3:02 of 3rd period - Cole Sillinger is hit by Robby Fabbri and loses puck.
3:13 of 3rd period - Backhand shot by Mathieu Joseph.
3:13 of 3rd period - Goal by Mathieu Joseph - Vancouver Canucks : 2 - Calgary Flames : 4.
3:14 of 3rd period - Anton Lundell wins face-off versus Sebastian Aho in neutral zone.
3:40 of 3rd period - Miro Heiskanen is hit by Pavel Zacha.
3:48 of 3rd period - Miro Heiskanen is hit by Rasmus Andersson and loses puck.
4:06 of 3rd period - Off-side.
4:07 of 3rd period - Anton Lundell wins face-off versus Nic Dowd in neutral zone.
4:23 of 3rd period - Minor Penalty to Anton Lundell for Hooking.
4:24 of 3rd period - Sebastian Aho wins face-off versus Jesperi Kotkaniemi in Vancouver Canucks zone.
4:28 of 3rd period - Snap shot by J.T. Miller.
4:28 of 3rd period - Goal by J.T. Miller - Vancouver Canucks : 2 - Calgary Flames : 5.
4:29 of 3rd period - Joel Eriksson Ek wins face-off versus Aleksander Barkov in neutral zone.
5:23 of 3rd period - Wrist shot by Matias Maccelli.
5:23 of 3rd period - Stopped by Ilya Sorokin without a rebound.
5:24 of 3rd period - Oliver Bjorkstrand wins face-off versus Casey Mittelstadt in Calgary Flames zone.
5:56 of 3rd period - Wrist shot by Sebastian Aho.
5:56 of 3rd period - Shot Misses the Net.
5:58 of 3rd period - Slapshot by Zach Hyman.
5:58 of 3rd period - Stopped by Joonas Korpisalo with a rebound.
6:34 of 3rd period - Snap shot by Clayton Keller.
6:34 of 3rd period - Deflect By Jake Middleton.
6:34 of 3rd period - Shot Misses the Net.
6:34 of 3rd period - Puck is out of play.
6:35 of 3rd period - Casey Mittelstadt wins face-off versus Nic Dowd in Calgary Flames zone.
6:38 of 3rd period - Slapshot by Clayton Keller.
6:38 of 3rd period - Stopped by Ilya Sorokin without a rebound.
6:39 of 3rd period - Nic Dowd wins face-off versus Casey Mittelstadt in Calgary Flames zone.
6:43 of 3rd period - Off-side.
6:44 of 3rd period - Sebastian Aho wins face-off versus Casey Mittelstadt in neutral zone.
7:37 of 3rd period - Minor Penalty to Rasmus Andersson for Tripping.
7:38 of 3rd period - Pavel Zacha wins face-off versus Casey Mittelstadt in Calgary Flames zone.
8:12 of 3rd period - Wrist shot by Mikko Rantanen.
8:12 of 3rd period - Stopped by Ilya Sorokin without a rebound.
8:13 of 3rd period - Taylor Raddysh wins face-off versus Pavel Zacha in Calgary Flames zone.
8:32 of 3rd period - Joel Eriksson Ek is hit by Artturi Lehkonen and loses puck.
8:47 of 3rd period - Slapshot by Artturi Lehkonen.
8:47 of 3rd period - Shot Hit the Post.
9:37 of 3rd period - Penalty to Rasmus Andersson is over, Rasmus Andersson is back on ice.
9:54 of 3rd period - Wrist shot by Pavel Zacha.
9:54 of 3rd period - Shot Misses the Net.
10:36 of 3rd period - Snap shot by Robby Fabbri.
10:36 of 3rd period - Shot Blocked by Sebastian Aho.
10:38 of 3rd period - Snap shot by Robby Fabbri.
10:38 of 3rd period - Shot Misses the Net.
10:40 of 3rd period - Snap shot by Jesperi Kotkaniemi.
10:40 of 3rd period - Shot Misses the Net.
10:42 of 3rd period - Slapshot by Jesperi Kotkaniemi.
10:42 of 3rd period - Shot Hit the Post.
10:44 of 3rd period - Wrist shot by Robby Fabbri.
10:44 of 3rd period - Shot Misses the Net.
10:46 of 3rd period - Slapshot by Noah Hanifin.
10:46 of 3rd period - Stopped by Ilya Sorokin with a rebound.
10:48 of 3rd period - Slapshot by Emil Martinsen Lilleberg.
10:48 of 3rd period - Shot Blocked by Drew Doughty.
10:50 of 3rd period - Snap shot by Noah Hanifin.
10:50 of 3rd period - Stopped by Ilya Sorokin with a rebound.
10:52 of 3rd period - Snap shot by Noah Hanifin.
10:52 of 3rd period - Shot Misses the Net.
11:04 of 3rd period - Snap shot by Robby Fabbri.
11:04 of 3rd period - Shot Misses the Net.
11:06 of 3rd period - Backhand shot by Jesperi Kotkaniemi.
11:06 of 3rd period - Shot Misses the Net.
11:20 of 3rd period - Ty Dellandrea is hit by Drew Doughty and loses puck.
11:29 of 3rd period - Wrist shot by Robby Fabbri.
11:29 of 3rd period - Stopped by Ilya Sorokin with a rebound.
11:31 of 3rd period - Wrist shot by Ty Dellandrea.
11:31 of 3rd period - Goal by Ty Dellandrea - Vancouver Canucks : 3 - Calgary Flames : 5.
11:32 of 3rd period - Aleksander Barkov wins face-off versus Oliver Bjorkstrand in neutral zone.
11:35 of 3rd period - Backhand shot by Aleksander Barkov.
11:35 of 3rd period - Stopped by Ilya Sorokin without a rebound.
11:36 of 3rd period - Aleksander Barkov wins face-off versus Oliver Bjorkstrand in Calgary Flames zone.
11:45 of 3rd period - Slapshot by Aleksander Barkov.
11:45 of 3rd period - Stopped by Ilya Sorokin with a rebound.
11:47 of 3rd period - Wrist shot by Miro Heiskanen.
11:47 of 3rd period - Deflect By Matias Maccelli.
11:47 of 3rd period - Stopped by Ilya Sorokin without a rebound.
11:48 of 3rd period - Oliver Bjorkstrand wins face-off versus Casey Mittelstadt in Calgary Flames zone.
12:01 of 3rd period - Wrist shot by Mathieu Joseph.
12:01 of 3rd period - Stopped by Joonas Korpisalo with a rebound.
12:13 of 3rd period - Garnet Hathaway is hit by Kasperi Kapanen and loses puck.
12:34 of 3rd period - Emil Martinsen Lilleberg is hit by Oliver Bjorkstrand and loses puck.
12:45 of 3rd period - Kris Letang is hit by Clayton Keller and loses puck.
13:03 of 3rd period - Clayton Keller is hit by J.T. Miller and loses puck.
13:20 of 3rd period - Icing by Rasmus Andersson.
13:21 of 3rd period - Mathieu Joseph wins face-off versus Anton Lundell in Calgary Flames zone.
13:28 of 3rd period - Snap shot by Anton Lundell.
13:28 of 3rd period - Shot Misses the Net.
13:30 of 3rd period - Snap shot by Taylor Raddysh.
13:30 of 3rd period - Stopped by Ilya Sorokin without a rebound.
13:31 of 3rd period - Sebastian Aho wins face-off versus Aleksander Barkov in Calgary Flames zone.
13:41 of 3rd period - Sebastian Aho is hit by Kasperi Kapanen and loses puck.
14:03 of 3rd period - Snap shot by Anton Lundell.
14:03 of 3rd period - Stopped by Ilya Sorokin without a rebound.
14:04 of 3rd period - Anton Lundell wins face-off versus J.T. Miller in Calgary Flames zone.
14:19 of 3rd period - Anton Lundell is hit by J.T. Miller.
14:27 of 3rd period - Wrist shot by Matthew Tkachuk.
14:27 of 3rd period - Stopped by Joonas Korpisalo without a rebound.
14:28 of 3rd period - Sebastian Aho wins face-off versus Casey Mittelstadt in Vancouver Canucks zone.
14:37 of 3rd period - Snap shot by Sebastian Aho.
14:37 of 3rd period - Shot Misses the Net.
14:39 of 3rd period - Backhand shot by Rasmus Andersson.
14:39 of 3rd period - Shot Blocked by Casey Mittelstadt.
14:41 of 3rd period - Snap shot by Zach Hyman.
14:41 of 3rd period - Stopped by Joonas Korpisalo without a rebound.
14:42 of 3rd period - Sebastian Aho wins face-off versus Aleksander Barkov in Vancouver Canucks zone.
15:09 of 3rd period - Anton Lundell is hit by Oliver Bjorkstrand.
15:13 of 3rd period - Slapshot by Artturi Lehkonen.
15:13 of 3rd period - Stopped by Ilya Sorokin with a rebound.
15:37 of 3rd period - Backhand shot by J.T. Miller.
15:37 of 3rd period - Shot Misses the Net.
15:53 of 3rd period - Slapshot by Nic Dowd.
15:53 of 3rd period - Stopped by Joonas Korpisalo without a rebound.
15:54 of 3rd period - Anton Lundell wins face-off versus Nic Dowd in Vancouver Canucks zone.
15:59 of 3rd period - Slapshot by Miro Heiskanen.
15:59 of 3rd period - Stopped by Ilya Sorokin with a rebound.
16:01 of 3rd period - Wrist shot by Taylor Raddysh.
16:01 of 3rd period - Shot Hit the Post.
16:03 of 3rd period - Wrist shot by Taylor Raddysh.
16:03 of 3rd period - Shot Misses the Net.
16:09 of 3rd period - Slapshot by Anton Lundell.
16:09 of 3rd period - Shot Misses the Net.
17:04 of 3rd period - Matias Maccelli is hit by Joel Eriksson Ek and loses puck.
17:11 of 3rd period - Wrist shot by Sebastian Aho.
17:11 of 3rd period - Shot Blocked by Miro Heiskanen.
19:50 of 3rd period - Matthew Tkachuk is hit by Mikko Rantanen and loses puck.
Goals for this period are 1 for Vancouver Canucks vs 2 for Calgary Flames.
Shots for this period are 15 for Vancouver Canucks vs 9 for Calgary Flames.
Back to the Top